 Dungeon Crawl Stone Soup version 0.21.1-1-g345015fe64 (webtiles) character file.

479 Gargoyl the Skirmisher (level 6, 0/53 HPs)
             Began as a Centaur Abyssal Knight on June 19, 2018.
             Was a Believer of Lugonu.
             Succumbed to a scorpion's poison
             ... in an ossuary on June 20, 2018.
             The game lasted 00:06:57 (3039 turns).

Gargoyl the Skirmisher (Centaur Abyssal Knight)     Turns: 3039, Time: 00:06:57

Health: 0/53       AC: 12    Str: 15    XL:     6   Next: 86%
Magic:  8/8        EV: 11    Int: 11    God:    Lugonu [**....]
Gold:   156        SH:  7    Dex: 15    Spells: 5/5 levels left

rFire    . . .     SeeInvis .   a - +2 hand axe
rCold    . . .     Gourm    .   i - +0 shield
rNeg     . . .     Faith    .   g - +1 ring mail
rPois    .         Spirit   .   f - +0 helmet
rElec    .         Reflect  .   e - +2 cloak {+Inv}
rCorr    .         Harm     .   l - +0 pair of gloves
MR       .....                  (no barding)
Stlth    +.........             (no amulet)
HPRegen  0.17/turn              (no ring)
MPRegen  0.11/turn              (no ring)

@: agile, lethally poisoned (0 -> -3), very slightly contaminated, hasted, very
quick
A: large, hooves 3, deformed body, speed 2, tough skin 3
a: Depart the Abyss, Bend Space, Renounce Religion, Evoke Invisibility


You were in an ossuary.
You worshipped Lugonu.
Lugonu was pleased with you.
You were hungry.

You visited 1 branch of the dungeon, and saw 4 of its levels.
You visited the Abyss 1 time.
You also visited: Ossuary.

You collected 156 gold pieces.

Inventory:

Hand Weapons
 a - a +2 hand axe (weapon)
Armour
 e - a +2 cloak of invisibility (worn)
 f - a +0 helmet (worn)
 g - a +1 ring mail (worn)
 i - a +0 shield (worn)
 l - a +0 pair of gloves (worn)
Wands
 j - a wand of flame (21)
 k - a wand of random effects (28)
Scrolls
 b - 2 scrolls of identify
 m - a scroll of teleportation {unknown}
 o - a scroll of remove curse
Comestibles
 c - 6 rations


   Skills:
 + Level 4.6 Fighting
 + Level 3.7 Axes
 * Level 2.7 Armour
 + Level 1.4 Dodging
 + Level 0.2 Shields
 * Level 3.3 Invocations
 + Level 1.3 Evocations


You had 5 spell levels left.
You didn't know any spells.

Dungeon Overview and Level Annotations

Branches:
Dungeon (4/15)
 Temple: D:4-7

Altars:
Cheibriados

Annotations:
D:3 Kohma's ghost, amateur MiBe


Innate Abilities, Weirdness & Mutations

You have hooves in place of feet.
Armour fits poorly on your strangely shaped body.
You cover ground very quickly.
You have extremely tough skin. (AC +3)


Message History

* * * LOW HITPOINT WARNING * * *
You feel sick. You block the scorpion's attack.
It was a potion of magic.
Magic courses through your body.
* * * LOW HITPOINT WARNING * * *
You feel sick.
The scorpion stings you but does no damage.
You hit the scorpion.
You kill the scorpion!
Lugonu accepts your kill.
* * * LOW HITPOINT WARNING * * *
You feel sick.
* * * LOW HITPOINT WARNING * * *
You feel sick.
There is an open door here.
You see here a sedimented coppery potion.
d - a sedimented coppery potion
* * * LOW HITPOINT WARNING * * *
You feel sick.
It was a potion of haste.
You feel yourself speed up.
You die...

#...........#
###8.....8###
#...........#
#...........#
#.....8.....#
#.....#.....#
#.....#.....#
##†#######'##########
#.†.#.@?#..^#...#...#
#...'..?#..^'...8...#
#...#?"!#...#.......#
##############8...8##
#...#...#...#.......#
#.∩.'...8...#...8...#
#...#.......#...#...#
##'###8...8###'######
#...#.......#^..#M?!#


There were no monsters in sight!

Vanquished Creatures
  A small abomination (Abyss:2)
  4 scorpions (Ossuary)
  A hound (D:4)
  Ijyb (D:3)
  A mummy (Ossuary)
  Robin (D:2)
  5 adders
  3 scorpion zombies (Ossuary)
  3 worms
  5 leopard geckos
  3 orcs (D:4)
  6 bats
  3 giant cockroaches
  5 hobgoblins
  2 quokkas
  5 frilled lizards
  11 goblins (D:2)
  3 goblin zombies (Ossuary)
  5 kobolds
  2 kobold zombies (Ossuary)
  An orc zombie (Ossuary)
  4 rats
75 creatures vanquished.

Vanquished Creatures (others)
  A mummy (Ossuary)
  A goblin (D:2)
  A kobold zombie (Ossuary)
3 creatures vanquished.

Grand Total: 78 creatures vanquished

Notes
Turn   | Place    | Note
-------+----------+-------------------------------------------
     0 | Abyss:1  | Gargoyl the Centaur Abyssal Knight began the quest for the Orb.
     0 | Abyss:1  | Reached XP level 1. HP: 19/19 MP: 2/2
     6 | Abyss:1  | Found a corrupted altar of Lugonu.
    12 | Abyss:1  | Found a corrupted altar of Lugonu.
    39 | Abyss:2  | Found a corrupted altar of Lugonu.
    90 | Abyss:2  | Noticed a small abomination
   107 | Abyss:2  | Noticed a purple ugly thing
   108 | Abyss:2  | Noticed a purple very ugly thing
   109 | Abyss:2  | Noticed a purple very ugly thing
   110 | Abyss:2  | Noticed a purple ugly thing
   131 | Abyss:2  | Noticed an apocalypse crab
   148 | Abyss:2  | Noticed a wretched star
   152 | Abyss:2  | Killed a small abomination
   152 | Abyss:2  | Reached skill level 4 in Fighting
   152 | Abyss:2  | Reached XP level 2. HP: 27/27 MP: 3/3
   152 | Abyss:2  | Reached XP level 3. HP: 33/33 MP: 4/4
   153 | D:1      | Escaped the Abyss
   291 | D:1      | Reached XP level 4. HP: 39/40 MP: 5/5
   789 | D:2      | Found a snail-covered altar of Cheibriados.
   808 | D:2      | Noticed Robin
   824 | D:2      | Reached * piety under Lugonu
   835 | D:2      | Killed Robin
  1812 | D:2      | Reached XP level 5. HP: 44/47 MP: 3/6
  1895 | D:3      | Noticed Ijyb
  1928 | D:3      | Killed Ijyb
  2241 | D:3      | Noticed Kohma's ghost (amateur MiBe)
  2557 | D:4      | Reached ** piety under Lugonu
  2567 | D:4      | Reached skill level 1 in Dodging
  2567 | D:4      | Reached skill level 1 in Evocations
  2602 | D:4      | Found a sand-covered staircase.
  2609 | Ossuary  | Entered an ossuary
  2641 | Ossuary  | Reached XP level 6. HP: 53/53 MP: 8/8
  3033 | Ossuary  | HP: 2/53 [poisoned by a scorpion]
  3038 | Ossuary  | HP: 1/53 [poisoned by a scorpion]
  3039 | Ossuary  | Succumbed to a scorpion's poison

Skill      XL: |  1  2  3  4  5  6 |
---------------+-------------------+-----
Fighting       | 4 |  4.6
Axes           | 2 3 |  3.7
Armour         | 2 |  2.7
Dodging        | 1 |  1.4
Evocations     | 1 |  1.3
Invocations    | 3 |  3.3
Shields        | |  0.2

Action                   |  1- 3 |  4- 6 || total
-------------------------+-------+-------++-------
Melee: Hand axe          |    10 |   215 ||   225
       Kick              |     1 |    47 ||    48
Invok: Depart the Abyss  |     1 |       ||     1
 Abil: Evoke Invisibilit |       |     9 ||     9
Evoke: Wand              |     4 |       ||     4
  Use: Scroll            |     2 |     6 ||     8
       Potion            |       |     3 ||     3
 Stab: Invisible         |       |    11 ||    11
  Eat: Chunk             |       |     8 ||     8
Armor: Leather armour    |    19 |       ||    19
       Ring mail         |       |   134 ||   134
Dodge: Dodged            |    15 |   121 ||   136
Block: Shield            |       |    22 ||    22
